 Dungeon Crawl Stone Soup version 0.28-a0-511-gcc94558de3 (webtiles) character file.

Game seed: 7048742503440551101

7 c4r3t the Insei (level 2, 0/21 HPs)
             Began as a Merfolk Transmuter on Sept 21, 2021.
             Slain by a bat (1 damage)
             ... on level 1 of the Dungeon.
             The game lasted 00:04:45 (237 turns).

c4r3t the Insei (Merfolk Transmuter)                 Turns: 237, Time: 00:04:46

Health: 0/21       AC:  3    Str: 10    XL:     2   Next: 0%
Magic:  5/5        EV: 13    Int: 12    God:
Gold:   0          SH:  0    Dex: 14    Spells: 4/5 levels left

rFire   . . .      SeeInvis .   b - +1 dagger
rCold   . . .      Faith    .   (no shield)
rNeg    . . .      Spirit   .   a - +0 robe
rPois   .          Reflect  .   d - +0 helmet
rElec   .          Harm     .   (no cloak)
rCorr   .          Rampage  .   (no gloves)
Will    .....                   (no boots)
Stlth   +.........              (no amulet)
HPRegen 0.07/turn               (no ring)
MPRegen 0.09/turn               (no ring)

@: no status effects
A: (nimble swimmer 2), mertail
a: no special abilities


You were on level 1 of the Dungeon.
You visited 1 branch of the dungeon, and saw 2 of its levels.

Inventory:

Hand Weapons
 b - a +1 dagger (weapon)
Missiles
 c - 12 sling bullets
 f - 12 stones
Armour
 a - a +0 robe (worn)
 d - a +0 helmet (worn)
 e - a +0 robe


   Skills:
 + Level 1.2 Fighting
 + Level 0.5 Short Blades
 + Level 3.0 Dodging
 + Level 3.4 Unarmed Combat
 + Level 2.1 Spellcasting
 + Level 2.6 Transmutations


You had 4 spell levels left.
You knew the following spells:

 Your Spells              Type           Power      Damage    Failure   Level
a - Beastly Appendage     Tmut           14%        N/A       9%          1

Your spell library contained the following spells:

 Spells                   Type           Power      Damage    Failure   Level
 Wereblood                Tmut           7%         N/A       14%         2
 Spider Form              Tmut/Pois      2%         N/A       43%         3
 Ice Form                 Ice/Tmut       4%         N/A       83%         4


Dungeon Overview and Level Annotations

Branches:
Dungeon (2/15)

Altars:


Innate Abilities, Weirdness & Mutations

((You are quick and stealthy near water. (Stealth+, EV+, Speed+++)))
Your lower body shifts to a powerful aquatic tail in water.


Message History

The kobold barely misses you.
You completely miss the kobold. The bat hits you but does no damage. x2
The bat misses you. The kobold closely misses you.
You hit the kobold.
You kill the kobold!
The bat hits you.
* * * LOW HITPOINT WARNING * * *
The bat completely misses you.
You have reached level 2!
The bat hits you but does no damage. The bat hits you.
* * * LOW HITPOINT WARNING * * *
The bat hits you.
* * * LOW HITPOINT WARNING * * *
Things that are here:
a +0 club; 4 stones
Okay, then.
You miss the bat. The bat misses you. The bat barely misses you.
The bat hits you.
* * * LOW HITPOINT WARNING * * *
The bat barely misses you. The bat hits you but does no damage.
The bat misses you. The bat hits you but does no damage.
The bat closely misses you. x2
There is a stone staircase leading up here.
The bat misses you. The bat hits you.
* * * LOW HITPOINT WARNING * * *
You hit the bat but do no damage. The bat barely misses you. x2
The bat completely misses you. The bat hits you.
* * * LOW HITPOINT WARNING * * *
The bat barely misses you. x2
There is a stone staircase leading up here.
The bat hits you but does no damage. The bat closely misses you. x2
You climb upwards.
There is a stone staircase leading down here.
You barely miss the bat. The bat closely misses you. The bat barely misses you.
The endoplasm quivers.
The bat misses you. The bat hits you.
You die...

#.# #J# #.# #.#
#.# #.# ##.##
#.>.####
#.b@...#
#...##.#
######.#
#############.#
#..........##.#
#.########.##.#
###.# #.##†#
#.###...#
#....#
........#####
#†####


You could see an endoplasm and a bat.

Vanquished Creatures
  An endoplasm (D:1)
  A giant cockroach (D:1)
  2 hobgoblins (D:1)
  A frilled lizard (D:1)
  A kobold (D:2)
6 creatures vanquished.

Notes
Turn   | Place    | Note
-------+----------+-------------------------------------------
     0 | D:1      | c4r3t the Merfolk Transmuter began the quest for the Orb.
     0 | D:1      | Reached XP level 1. HP: 15/15 MP: 3/3
   224 | D:2      | Reached XP level 2. HP: 5/21 MP: 5/5
   232 | D:2      | HP: 1/21 [bat (1)]
   237 | D:1      | Slain by a bat

Illustrated notes

Levels and vault maps discovered:
D:1:      kilobyte_arrival_exit_the_forest, layout_loops_ring
D:2:      layout_loops_cross, lexackson_kobold_supper, uniq_sigmund

Skill      XL: |  1 |
---------------+----+-----
Dodging        | 3 |  3.0
Fighting       | |  1.2
Short Blades   | |  0.5
Unarmed Combat | |  3.4
Spellcasting   | |  2.1
Transmutations | |  2.6

Action                   || total
-------------------------++-------
Melee: Dagger            ||    45
       Punch             ||     1
  Use: Scroll            ||     1
Armor: Robe              ||    29
Dodge: Dodged            ||    80

Table legend: (Time is in decaauts)
 A = Elapsed time spent in this place.
 B = Non-inter-level travel time spent in this place.
 C = Inter-level travel time spent in this place.
 D = Time resting spent in this place.
 E = Time spent auto-exploring this place.
 F = Levels seen in this place.
 G = Mean time per level.
                   A        B        C        D        E       F      G
               +--------+--------+--------+--------+--------+-----+--------+
         Total |    234 |    183 |     51 |      0 |      0 |   2 |  117.0 |
       Dungeon |    234 |    183 |     51 |      0 |      0 |   2 |  117.0 |
               +--------+--------+--------+--------+--------+-----+--------+

Top non-repeatable levels by time:
     D:1: 201 daAuts
     D:2: 32 daAuts
